 Dungeon Crawl Stone Soup version 0.30-a0-883-g5ad918d77d (webtiles) character file.

Game seed: 13080364702631169709

8864 runemasterragnar the Fighter (level 11, -2/103 HPs)
             Began as an Ogre Hedge Wizard on Mar 14, 2023.
             Was a Priest of Vehumet.
             Slain by a vampire mosquito (7 damage)
             ... on level 10 of the Dungeon on Mar 15, 2023.
             The game lasted 00:35:52 (14650 turns).

runemasterragnar the Fighter (Ogre Hedge Wizard)   Turns: 14650, Time: 00:35:53

Health: -2/103     AC:  7    Str: 16    XL:     11   Next: 37%
Magic:  20/23      EV:  9    Int: 31    God:    Vehumet [***...]
Gold:   1750       SH:  0    Dex:  8    Spells: 5/27 levels left

rFire   . . .      SeeInvis +    B - +6 dagger of the Blessed Realm {venom, rPois Will- SInv}
rCold   . . .      Faith    .    (no shield)
rNeg    . . .      Spirit   .    J - +2 robe {Archmagi}
rPois   +          Reflect  .    c - +0 hat
rElec   .          Rampage  .    i - +1 cloak {Will+}
rCorr   .          Archmagi +    (gloves unavailable)
Will    ++...                    (boots unavailable)
Stlth   +                        (no amulet)
HPRegen 0.37/turn                A - +6 ring of intelligence
MPRegen 0.18/turn                M - +6 ring of intelligence

@: no status effects
A: large, unfitting armour, tough skin 1, frail 1, strong-willed 1
a: Renounce Religion


You were on level 10 of the Dungeon.
You worshipped Vehumet.
Vehumet was most pleased with you.
You visited 2 branches of the dungeon, and saw 12 of its levels.
You also visited: Sewer and Ossuary.

You collected 1792 gold pieces.
You spent 42 gold pieces at shops.

Inventory:

Hand Weapons
 k - the +0 mace of the Gazing Hero {spect, Contam +Blink Str+3 Stlth+}
   (You found it on level 2 of the Dungeon)

   Str:       It affects your strength (+3).
   +Blink:    It lets you blink.
   Contam:    It causes magical contamination when unequipped.
   Stlth:     It makes you more stealthy.
 r - a +0 mace of protection
 t - a +5 heavy halberd
 w - a +1 whip of electrocution
 x - a +0 dagger of freezing
 B - the +6 dagger of the Blessed Realm (weapon) {venom, rPois Will- SInv}
   (You found it on level 5 of the Dungeon)

   rPois:     It protects you from poison.
   SInv:      It lets you see invisible.
   Will:      It decreases your willpower.
Missiles
 l - 4 curare-tipped darts
 y - 5 javelins
 D - 38 poisoned darts
 P - a throwing net
Armour
 c - a +0 hat (worn)
 e - +0 steam dragon scales
 i - a +1 cloak of willpower (worn)
 j - a scarf of invisibility
 J - a +2 robe of the Archmagi (worn)
Magical Staves
 n - a staff of cold
Jewellery
 b - a ring of fire
 s - an amulet of the acrobat
 A - a +6 ring of intelligence (left hand)
 M - a +6 ring of intelligence (right hand)
 Q - a ring of ice
Wands
 q - a wand of flame (10)
 z - a wand of polymorph (9)
Scrolls
 m - 6 scrolls of immolation
 u - 2 scrolls of vulnerability
 E - 2 scrolls of blinking
 H - 2 scrolls of poison
 I - a scroll of amnesia
Potions
 a - 4 potions of haste
 d - 4 potions of magic
 f - 3 potions of degeneration
 g - a potion of berserk rage
 h - a potion of flight
 o - 2 potions of ambrosia
 C - a potion of resistance
 G - a potion of mutation
 L - a potion of cancellation
 O - 2 potions of lignification


   Skills:
 + Level 9.3 Fighting
 - Level 1.7 Dodging
 - Level 1.4 Stealth
 + Level 8.7 Spellcasting
 - Level 6.5 Conjurations
 - Level 3.1 Hexes
 + Level 6.7 Summonings
 + Level 3.1 Necromancy
 - Level 3.4 Translocations
 * Level 6.7 Ice Magic


You had 5 spell levels left.
You knew the following spells:

 Your Spells              Type           Power      Damage    Failure   Level
a - Magic Dart            Conj           100%       1d8       1%          1
b - Call Imp              Summ           70%        N/A       1%          2
c - Cigotuvi's Dreadful   Necr/Pois/Air  60%        N/A       3%          2
d - Blink                 Tloc           100%       N/A       1%          2
e - Call Canine Familiar  Summ           70%        N/A       1%          3
f - Ensorcelled Hibernat  Hex/Ice        100%       N/A       1%          2
g - Simulacrum            Ice/Necr       30%        N/A       58%         6
h - Dispel Undead         Necr           49%        3d18      11%         4

Your spell library contained the following spells:

 Spells                   Type           Power      Damage    Failure   Level
 Ignite Poison            Fire/Tmut/Pois 20%        N/A       3%          3
 Slow                     Hex            100%       N/A       1%          1
 Summon Small Mammal      Summ           100%       N/A       1%          1
 Mephitic Cloud           Conj/Pois/Air  40%        N/A       1%          3
 Summon Guardian Golem    Hex/Summ       60%        N/A       1%          3
 Portal Projectile        Hex/Tloc       100%       N/A       3%          3
 Freezing Cloud           Conj/Ice/Air   28%        6-21      4%          5
 Spider Form              Tmut/Pois      20%        N/A       11%         3
 Anguish                  Hex/Necr       24%        N/A       11%         4
 Leda's Liquefaction      Hex/Erth       17%        N/A       19%         4
 Death Channel            Necr           24%        N/A       85%         6
 Polar Vortex             Ice            35%        N/A       100%        9


Dungeon Overview and Level Annotations

Branches:
Dungeon (11/15)            Temple (1/1) D:6           Sewer (visited)
Ossuary (visited)
   Lair: D:8-11         Orc: D:9-12

Altars:
Ashenzari
Cheibriados
Dithmenos
Elyvilon
Gozag
Hepliaklqana
Makhleb
Nemelex Xobeh
Okawaru
Qazlal
Ru
Sif Muna
Trog
Uskayaw
Vehumet
Wu Jian
Xom
Yredelemnul
Zin
The Shining One
Jiyva

Shops:
D:2 !   D:3 =   D:8 [

Annotations:
D:9 exclusion: ice statue


Innate Abilities, Weirdness & Mutations

You are too large for most types of armour.
You have tough skin. (AC +1)
You are frail. (-10% HP)
You are strong-willed. (Will+)


Message History

The vampire mosquito barely misses you. The vampire mosquito misses you.
Your crimson imp completely misses the vampire mosquito.
You hit the vampire mosquito.
The vampire mosquito is heavily damaged.
The vampire mosquito bites you.
The vampire mosquito draws strength from your injuries!
The vampire mosquito barely misses you. The vampire mosquito bites you!
* * * LOW HITPOINT WARNING * * *
The vampire mosquito draws strength from your injuries!
Your warg barely misses the vampire mosquito.
The vampire mosquito bites you but does no damage.
The vampire mosquito bites you.
* * * LOW HITPOINT WARNING * * *
The vampire mosquito draws strength from your injuries!
The vampire mosquito bites you but does no damage.
Your warg barely misses the vampire mosquito.
Your crimson imp blinks!
You feel better. The vampire mosquito bites you.
* * * LOW HITPOINT WARNING * * *
The vampire mosquito draws strength from your injuries!
The vampire mosquito bites you.
* * * LOW HITPOINT WARNING * * *
The vampire mosquito draws strength from your injuries!
The vampire mosquito bites you!
* * * LOW HITPOINT WARNING * * *
The vampire mosquito draws strength from your injuries!
The vampire mosquito completely misses you.
The vampire mosquito closely misses you.
The vampire mosquito bites you but does no damage.
Your warg closely misses the vampire mosquito.
Your crimson imp blinks!
You hit the vampire mosquito.
The vampire mosquito is heavily damaged.
The vampire mosquito bites you.
* * * LOW HITPOINT WARNING * * *
The vampire mosquito draws strength from your injuries!
The vampire mosquito closely misses you. x2
Your warg bites the vampire mosquito but does no damage.
The vampire mosquito bites you!
You die...

##.............#####..#..
...............#......#..##
###....###................##
##..#..#................#..#
.........................#...#
.........#.###.......5..... .###
#...##..................#..#... .
#......##......y........##.......
.......##......y@......###...#...
........#.>....yh................
.........................##.##...
........#....................#...
.............................)...
........#####....................
........# ##..........#........
.......# ##........#####.....
....... #......## ###...


You could see 3 vampire mosquitoes, a friendly warg (summoned) and a friendly
crimson imp (summoned).

Vanquished Creatures
  2 two-headed ogres
  A yak (D:8)
  3 wyverns
  2 steam dragons
  An orc warrior (D:8)
  A sky beast (D:5)
  An ogre (D:4)
  2 centaurs
  2 phantoms
  10 kobold brigands
  An elf zombie (Ossuary)
  2 bullfrogs
  A gnoll sergeant (D:5)
  2 scorpions
  A wight (D:8)
  Dowan (D:7)
  4 killer bees (D:9)
  2 centaur zombies (Ossuary)
  3 hounds
  A jelly (D:6)
  10 orc priests
  A human zombie (Ossuary)
  A sleepcap (D:5)
  2 gnoll boudas
  4 iguanas
  6 orc wizards
  A human simulacrum (D:9)
  2 mummies (Ossuary)
  11 adders
  19 gnolls
  3 river rats
  2 shadow imps
  3 white imps
  2 adder zombies (Ossuary)
  5 worms
  5 dart slugs
  26 orcs
  8 endoplasms
  6 giant cockroaches
  5 goblins
  7 hobgoblins
  5 quokkas
  11 ball pythons
  A bat (D:1)
  3 frilled lizards
  2 goblin zombies (Ossuary)
  13 hobgoblin zombies (Ossuary)
  A jackal zombie (Ossuary)
  12 kobolds
  8 kobold zombies (Ossuary)
  3 orc zombies (Ossuary)
  10 rats
  2 rat zombies (Ossuary)
243 creatures vanquished.

Vanquished Creatures (collateral kills)
  A two-headed ogre (D:9)
  A komodo dragon (D:9)
  A shadow (D:9)
  3 yaks (D:8)
  A wraith (D:10)
  2 water moccasins (D:9)
  Duvessa (D:6)
  An orc warrior (D:7)
  An ogre (D:4)
  A centaur (D:7)
  5 bullfrogs
  An elf zombie (Ossuary)
  A gnoll sergeant (D:7)
  A scorpion (D:7)
  2 wights (D:8)
  6 killer bees (D:9)
  4 jellies (D:8)
  A gnoll bouda (D:8)
  2 orc priests (D:9)
  2 sleepcaps
  7 orc wizards
  16 gnolls
  A worm (D:9)
  11 orcs
  A bat (D:3)
  A hobgoblin (D:4)
  5 kobolds
  A rat zombie (Ossuary)
81 creatures vanquished.

Vanquished Creatures (others)
  A scorpion (D:9)
  A human simulacrum (D:9)
  60 fungi (D:9)
  58 plants
  2 withered plants (D:10)
122 creatures vanquished.

Grand Total: 446 creatures vanquished

Notes
Turn   | Place    | Note
-------+----------+-------------------------------------------
     0 | D:1      | runemasterragnar the Ogre Hedge Wizard began the quest for
                  | the Orb.
     0 | D:1      | Reached XP level 1. HP: 16/16 MP: 5/5
    33 | D:1      | Reached skill level 1 in Conjurations
    50 | D:1      | Reached skill level 1 in Summonings
    50 | D:1      | Reached skill level 1 in Translocations
   193 | D:1      | Reached XP level 2. HP: 21/24 MP: 1/6
   236 | D:1      | Learned a level 2 spell: Call Imp
   336 | D:1      | Gained mutation: You are frail. (-10% HP) [potion of
                  | mutation]
   336 | D:1      | Gained mutation: You are strong-willed. (Will+) [potion of
                  | mutation]
   733 | D:2      | Identified the +0 mace of the Gazing Hero {spect, Contam
                  | +Blink Str+3 Stlth+}
   823 | D:2      | Reached XP level 3. HP: 27/28 MP: 8/8
   917 | D:2      | Learned a level 2 spell: Cigotuvi's Dreadful Rot
   920 | D:2      | Learned a level 2 spell: Blink
   928 | D:2      | Reached skill level 1 in Fighting
  1012 | D:2      | Reached XP level 4. HP: 21/36 MP: 1/10
  1131 | D:2      | Found Soboet's Distillery.
  1138 | D:2      | Bought a potion of curing for 42 gold pieces
  1507 | D:3      | Found Upayxove's Jewellery Shoppe.
  2055 | D:3      | Reached XP level 5. HP: 31/44 MP: 11/11
  2317 | D:3      | Reached skill level 2 in Fighting
  2793 | D:3      | Found a glowing silver altar of Zin.
  2886 | D:4      | Reached XP level 6. HP: 32/52 MP: 10/12
  3206 | D:4      | Reached skill level 3 in Fighting
  3412 | D:4      | Reached XP level 7. HP: 25/60 MP: 14/14
  3621 | D:4      | Reached skill level 5 in Spellcasting
  3800 | D:4      | Found a sparkling altar of Nemelex Xobeh.
  4092 | D:5      | Entered Level 5 of the Dungeon
  4095 | D:5      | Identified the +6 dagger of the Blessed Realm {venom, rPois
                  | Will- SInv}
  4178 | D:5      | Reached skill level 4 in Fighting
  4183 | D:5      | Reached XP level 8. HP: 40/70 MP: 13/15
  4292 | D:5      | Found a glowing drain.
  4300 | Sewer    | Entered a sewer
  4578 | Sewer    | Reached skill level 5 in Conjurations
  5431 | Sewer    | Reached skill level 5 in Fighting
  6132 | D:5      | Reached XP level 9. HP: 52/79 MP: 16/18
  6557 | D:5      | Upgraded the game from 0.30-a0-879-ga8ba668304 to
                  | 0.30-a0-883-g5ad918d77d
  6752 | D:4      | Reached skill level 6 in Fighting
  7207 | D:5      | Learned a level 3 spell: Call Canine Familiar
  7210 | D:5      | Learned a level 2 spell: Ensorcelled Hibernation
  7642 | D:6      | Noticed Duvessa
  7644 | D:6      | Noticed Dowan
  7654 | D:6      | Killed Duvessa
  7655 | D:6      | Reached skill level 1 in Ice Magic
  7777 | D:7      | Found a glowing golden altar of the Shining One.
  7814 | D:7      | Reached skill level 1 in Hexes
  7884 | D:6      | Found a staircase to the Ecumenical Temple.
  8018 | Temple   | Entered the Ecumenical Temple
  8058 | Temple   | Became a worshipper of Vehumet
  8103 | D:6      | Identified a scroll of acquirement
  8111 | D:6      | Acquired 1244 gold pieces
  8158 | D:6      | Noticed a two-headed ogre
  8218 | D:6      | Killed a two-headed ogre
  8219 | D:6      | Reached skill level 7 in Fighting
  8219 | D:6      | Reached skill level 5 in Summonings
  8664 | D:7      | Killed Dowan
  8985 | D:7      | Reached XP level 10. HP: 69/91 MP: 17/20
  9186 | D:7      | Reached * piety under Vehumet
  9186 | D:7      | Offered knowledge of Foxfire by Vehumet.
  9437 | D:7      | Found a sacrificial altar of Ru.
  9437 | D:7      | Found a shimmering blue altar of Sif Muna.
  9699 | D:7      | Found a hazy altar of Hepliaklqana.
  9934 | D:6      | Found an ornate altar of the Wu Jian Council.
 10566 | D:8      | Found Fahesmy's Armour Boutique.
 10566 | D:8      | Noticed a two-headed ogre
 10627 | D:8      | Found a sand-covered staircase.
 10636 | Ossuary  | Entered an ossuary
 11073 | Ossuary  | Reached ** piety under Vehumet
 11192 | Ossuary  | Offered knowledge of Poisonous Vapours by Vehumet.
 11235 | D:8      | Found a broken altar of Ashenzari.
 11244 | D:8      | Saw a vision of the Shoals and the Snake Pit.
 11244 | D:8      | Noticed a harpy
 11244 | D:8      | Noticed a harpy
 11244 | D:8      | Noticed a naga mage
 11244 | D:8      | Noticed a harpy
 11244 | D:8      | Noticed a manticore
 11244 | D:8      | Noticed a merfolk siren
 11244 | D:8      | Noticed a black mamba
 11244 | D:8      | Noticed a salamander
 11244 | D:8      | Noticed a naga sharpshooter
 11244 | D:8      | Noticed a merfolk siren
 11244 | D:8      | Noticed a black mamba
 11244 | D:8      | Noticed a black mamba
 11244 | D:8      | Noticed a skyshark
 11244 | D:8      | Noticed a mana viper
 11245 | D:8      | Noticed a black mamba
 11246 | D:8      | Noticed a manticore
 11246 | D:8      | Noticed a harpy
 11247 | D:8      | Noticed a water nymph
 11441 | D:8      | Found a viscous altar of Jiyva.
 11463 | D:8      | Learned a level 6 spell: Simulacrum
 11468 | D:8      | Learned a level 4 spell: Dispel Undead
 11528 | D:8      | Reached skill level 8 in Fighting
 11548 | D:8      | Reached skill level 5 in Ice Magic
 11551 | D:8      | Reached skill level 1 in Necromancy
 12257 | D:8      | Offered knowledge of Scorch by Vehumet.
 12468 | D:9      | Killed a two-headed ogre
 12469 | D:9      | Reached XP level 11. HP: 52/101 MP: 17/23
 12674 | D:9      | Found a snail-covered altar of Cheibriados.
 12767 | D:9      | Reached *** piety under Vehumet
 13294 | D:9      | Reached skill level 9 in Fighting
 13428 | D:9      | Offered knowledge of Ignite Poison by Vehumet.
 13886 | D:9      | HP: 3/103 [something/ball of steam (20)]
 14277 | D:10     | Entered Level 10 of the Dungeon
 14429 | D:10     | Noticed a two-headed ogre
 14444 | D:10     | Killed a two-headed ogre
 14650 | D:10     | HP: 5/103 [vampire mosquito (2)]
 14650 | D:10     | Slain by a vampire mosquito

Illustrated notes

Levels and vault maps discovered:
D:1:      amcnicky_arrival_underground_garden, layout_rooms
D:2:      layout_loops_cross, serial_shops, shop
D:3:      layout_basic, zin_treasury, serial_shops, shop, due_unseen_surprise
D:4:      layout_gridville, nemelex_diamond_rough_becter, dk_noncrumbling_4
D:5:      layout_basic, portal_sewer_entry_a, minmay_chambers_of_fives
D:6:      layout_basic, nicolae_wu_jian_immortal_techniques,
          minmay_temple_entry_gardened_gates, uniq_duvessa
D:7:      layout_rooms, mainiacjoe_overflow_concentric_impassable,
          gammafunk_temple_overflow_wave, nzn_hepliaklqana_mist_gate,
          kennysheep_generic_room_6
D:8:      layout_loops_ring, grunt_ashenzari_visionary
          [grunt_ashenzari_visionary_shoals, grunt_ashenzari_visionary_snake],
          nicolae_ossuary_entry_ruins, serial_shops, shop, jiyva_altar_1
D:9:      layout_basic, slow_altar_1, due_lair_maze_entry_diamond, minivault_15,
          bh_circular_ruins
D:10:     layout_rooms, grunt_temple_overflow_growth_and_decay, erik_orc_1
D:11:     layout_loops_ring, minmay_misc_feat_iff, uniq_erolcha
Temple:   hellmonk_temple_of_storms

Skill      XL: |  1  2  3  4  5  6  7  8  9 10 11 |
---------------+----------------------------------+-----
Conjurations   | 1 2 3 4 6 |  6.5
Summonings     | 1 2 3 4 5 6 |  6.7
Translocations | 1 2 3 |  3.4
Fighting       | 1 2 3 4 5 7 8 9 |  9.3
Spellcasting   | 4 5 6 7 8 |  8.7
Ice Magic      | 3 5 6 |  6.7
Hexes          | 2 3 |  3.1
Necromancy     | 2 3 |  3.1
Dodging        | |  1.7
Stealth        | |  1.4

Action                     |  1- 3 |  4- 6 |  7- 9 | 10-12 || total
---------------------------+-------+-------+-------+-------++-------
  Melee: Dagger            |   119 |    48 |   335 |   419 ||   921
         Punch             |     1 |     2 |     3 |     5 ||    11
         Halberd           |       |    41 |       |       ||    41
         Mace              |       |    58 |    11 |       ||    69
   Cast: Magic Dart        |    36 |    15 |    36 |    13 ||   100
         Call Imp          |     2 |    11 |    29 |    26 ||    68
         Cigotuvi's Dreadf |       |     2 |     1 |       ||     3
         Call Canine Famil |       |       |     9 |    27 ||    36
         Blink             |       |       |     1 |     4 ||     5
  Evoke: Wand              |       |     2 |    11 |     2 ||    15
    Use: Potion            |     2 |       |     1 |    10 ||    13
         Scroll            |       |     5 |     8 |    12 ||    25
   Stab: Sleeping          |     1 |     4 |       |     1 ||     6
 Armour: Robe              |    38 |    78 |   117 |   228 ||   461
  Dodge: Dodged            |    63 |    82 |   176 |   228 ||   549

Table legend: (Time is in decaauts)
 A = Elapsed time spent in this place.
 B = Non-inter-level travel time spent in this place.
 C = Inter-level travel time spent in this place.
 D = Time resting spent in this place.
 E = Time spent auto-exploring this place.
 F = Levels seen in this place.
 G = Mean time per level.
                   A        B        C        D        E       F      G
               +--------+--------+--------+--------+--------+-----+--------+
         Total |  14725 |  14363 |    362 |   2813 |   8031 |  14 | 1051.8 |
       Dungeon |  12281 |  11919 |    362 |   1984 |   6969 |  11 | 1116.5 |
        Temple |     49 |     49 |      0 |      0 |     17 |   1 |   49.0 |
         Sewer |   1811 |   1811 |      0 |    829 |    706 |   1 | 1811.0 |
       Ossuary |    581 |    581 |      0 |      0 |    339 |   1 |  581.0 |
               +--------+--------+--------+--------+--------+-----+--------+

Top non-repeatable levels by time:
   Sewer: 1811 daAuts
     D:4: 1707 daAuts
     D:8: 1625 daAuts
     D:9: 1578 daAuts
     D:7: 1454 daAuts
     D:6: 1381 daAuts
     D:5: 1238 daAuts
     D:3: 1196 daAuts
     D:2: 1020 daAuts
     D:1: 707 daAuts
 Ossuary: 581 daAuts
    D:10: 332 daAuts
  Temple: 49 daAuts
    D:11: 39 daAuts
